 Dungeon Crawl Stone Soup version 0.27.1-34-g3ba077fa99 (webtiles) character file.

Game seed: 7583015264395394193

5052 pkoi the Grappler (level 10, 0/67 (74) HPs)
             Began as a Red Draconian Warper on Jan 10, 2022.
             Was a Priest of Hepliaklqana.
             Slain by a wight (8 damage)
             ... on level 8 of the Dungeon.
             The game lasted 00:13:24 (10566 turns).

pkoi the Grappler (Red Draconian Warper)           Turns: 10566, Time: 00:13:24

HP:   0/67 (74)     AC:  8    Str: 15    XL:     10   Next: 31%
MP:   13/14         EV: 12    Int: 16    God:    Hepliaklqana [***...]
Gold: 475           SH:  0    Dex: 10    Spells: 8/15 levels left

rFire    + + .     SeeInvis .     - Unarmed
rCold    . . .     Faith    .   (no shield)
rNeg     . . .     Spirit   .   (armour unavailable)
rPois    .         Reflect  .   (helmet restricted)
rElec    .         Harm     .   d - +0 cloak
rCorr    .         Rampage  .   (no gloves)
Will     .....                  (no boots)
Stlth    +.........             (no amulet)
HPRegen  0.21/turn              l - ring of protection from fire
MPRegen  0.14/turn              (no ring)

@: lethally poisoned (0 -> -5), drained
A: reduced essence, breathe fire, AC +7, unfitting armour, fire resistance 1,
cold-blooded
a: Breathe Fire, Renounce Religion, Recall Ancestor, Ancestor Identity,
Transference


You were on level 8 of the Dungeon.
You worshipped Hepliaklqana.
Hepliaklqana was most pleased with you.
You visited 2 branches of the dungeon, and saw 9 of its levels.

You collected 475 gold pieces.

Inventory:

Hand Weapons
 c - a +3 spear of pain
 e - a +0 whip
 g - a +0 lajatang
Missiles
 b - 5 boomerangs of dispersal (quivered)
 m - 18 boomerangs
Armour
 d - a +0 cloak (worn)
Jewellery
 l - a ring of protection from fire (left hand)
 n - a ring of protection from cold
Wands
 q - a wand of digging (8)
 w - a wand of mindburst (14)
Scrolls
 a - a scroll of blinking
 i - 3 scrolls of magic mapping
 r - 3 scrolls of identify
 s - a scroll of teleportation {unknown}
 u - a scroll of amnesia {unknown}
 v - a scroll of torment {unknown}
Potions
 f - 2 potions of brilliance
 h - 2 potions of heal wounds
 j - a potion of curing
 k - a potion of magic
 o - 2 potions of flight {unknown}
 p - a potion of might
 t - a potion of attraction {unknown}


   Skills:
 - Level 6.0 Fighting
 - Level 0.8 Throwing
 - Level 4.0 Dodging
 - Level 12.0 Unarmed Combat
 - Level 3.0 Spellcasting
 * Level 6.4 Translocations
 - Level 3.2 Invocations


You had 8 spell levels left.
You knew the following spells:

 Your Spells              Type           Power      Damage    Failure   Level
a - Blink                 Tloc           N/A        N/A       1%          2
b - Manifold Assault      Tloc           22%        N/A       36%         5

Your spell library contained the following spells:

 Spells                   Type           Power      Damage    Failure   Level
 Gell's Gravitas          Tloc           11%        N/A       4%          3
 Lesser Beckoning         Tloc           11%        N/A       4%          3
 Teleport Other           Tloc           22%        N/A       4%          3
 Beastly Appendage        Tmut           4%         N/A       19%         1
 Passwall                 Tmut/Erth      1%         N/A       28%         2
 Wereblood                Tmut           2%         N/A       28%         2
 Spider Form              Tmut/Pois      1%         N/A       50%         3
 Stone Arrow              Conj/Erth      4%         3d7       50%         3
 Summon Guardian Golem    Hex/Summ       2%         N/A       50%         3
 Swiftness                Air            2%         N/A       50%         3
 Leda's Liquefaction      Hex/Erth       1%         N/A       88%         4
 Bolt of Magma            Conj/Fire/Erth 1%         4d4       99%         5
 Invisibility             Hex            1%         N/A       100%        6
 Statue Form              Tmut/Erth      1%         N/A       100%        6
 Orb of Destruction       Conj           1%         N/A       100%        7
 Spellforged Servitor     Conj/Summ      1%         N/A       100%        7
 Lehudib's Crystal Spear  Conj/Erth      1%         10d2      100%        8
 Animate Armour           Summ/Erth      Unusable   N/A       N/A         4

Dungeon Overview and Level Annotations

Branches:
Dungeon (8/15)             Temple (1/1) D:7
   Lair: D:8-11

Altars:
Ashenzari
Cheibriados
Dithmenos
Elyvilon
Fedhas
Gozag
Hepliaklqana
Kikubaaqudgha
Makhleb
Nemelex Xobeh
Okawaru
Qazlal
Ru
Sif Muna
Trog
Uskayaw
Vehumet
Wu Jian
Xom
Yredelemnul
Zin
The Shining One

Annotations:
D:3 2 runed translucent doors, Fek's ghost, amateur GrBe
D:6 1 runed translucent door, Argetlam's ghost, novice OpCj
D:7 3 runed translucent doors, belegose's ghost, novice TrMo; ticklebelly's ghost, novice MiBe; zeram's ghost, novice TrSu


Innate Abilities, Weirdness & Mutations

Your life essence is reduced to manifest your ancestor. (-10% HP)
You can breathe blasts of fire.
Your fiery red scales are hard. (AC +7)
You cannot fit into any form of body armour.
Your flesh is heat resistant. (rF+)
You are cold-blooded and may be slowed by cold attacks.


Message History

Unknown command.
Unknown command.
The hornet stings Jana.
Jana blocks the hornet's attack.
Jana hits the hornet with a +0 flail!
The hornet stings Jana but does no damage.
Jana blocks the orc's attack.
Jana closely misses the orc.
Jana blocks the hornet's attack.
Jana blocks the orc's attack.
The hornet stings Jana but does no damage.
Jana misses the hornet.
Found 20 bolts.
Jana blocks the hornet's attack.
The orc closely misses Jana.
The orc warrior hits you with a +0 hand axe!
* * * LOW HITPOINT WARNING * * *
Jana hits the hornet but does no damage.
Jana closely misses the hornet. 2 kobolds come into view.
Found a dire flail and a hand axe.
The kobold throws a stone.
The stone hits you.
* * * LOW HITPOINT WARNING * * *
Unknown command.
The kobold shouts!
You hear a shout!
A kobold brigand comes into view.
It is wielding a +0 whip and quivering poisoned darts.
The kobold brigand shouts!
The kobold throws a stone.
The stone closely misses you.
The stone closely misses the wight.
The stone hits the orc warrior but does no damage.
The kobold brigand throws a poisoned dart.
The poisoned dart barely misses you.
The kobold throws a stone.
The stone misses you.
The stone completely misses the orc warrior.
The kobold hits you with a +0 dagger.
* * * LOW HITPOINT WARNING * * *
Found 13 gold pieces.
The kobold hits you with a +0 short sword.
* * * LOW HITPOINT WARNING * * *
The kobold hits you but does no damage.
The kobold brigand throws a poisoned dart.
The poisoned dart hits you.
You are poisoned.
The wight hits you with a +2 long sword!
You die...

### ..## .....$.
#..####### .......
##........## .......
########...## .......
.....# .......
......##K...... #
............... #
#K@....... # #zK.......
# #.o....... # #######..
#......(.. ###..[....#
#..y.....)
....############o......)
##...# #.....o........
...#.# #........####..
.###.#####).......#


You could see a hornet, an orc warrior, a kobold brigand, a wight, an orc
wizard, an orc and 2 kobolds.

Vanquished Creatures
  Pikel (D:4)
  An unseen horror (D:8)
  A kobold demonologist (D:8)
  Prince Ribbit (D:5)
  Grinder (D:6)
  A vampire (D:8)
  3 yaks
  2 steam dragons
  Edmund (D:6)
  Menkaure (D:5)
  An orc warrior (D:7)
  2 ice beasts
  An ogre (D:6)
  A necrophage (D:4)
  A centaur (D:7)
  A lemure (D:4)
  A kobold brigand (D:8)
  2 scorpions
  2 bullfrogs
  3 wights
  3 bullfrog zombies
  A centaur zombie (D:8)
  A jelly (D:7)
  An orc priest (D:8)
  3 hounds
  An iguana (D:7)
  An orc wizard (D:8)
  Robin (D:3)
  A howler monkey skeleton (D:7)
  10 adders
  A worm (D:4)
  3 dart slugs
  5 orcs
  5 endoplasms
  A giant cockroach (D:1)
  10 goblins
  10 hobgoblins
  2 jackals (D:3)
  A quokka (D:5)
  9 ball pythons
  2 bats
  A frilled lizard (D:3)
  19 kobolds
  7 rats
127 creatures vanquished.

Vanquished Creatures (collateral kills)
  A cyclops (D:8)
  Maggie (D:6)
  2 kobold brigands
  A scorpion (D:6)
  A wight (D:6)
  A bullfrog zombie (D:5)
  2 orc priests
  Terence (D:3)
  An orc wizard (D:8)
  2 iguanas
  An ufetubus (D:6)
  A worm (D:4)
  A dart slug (D:4)
  5 orcs
  A goblin (D:4)
  A hobgoblin (D:4)
  A quokka (D:4)
  4 kobolds
28 creatures vanquished.

Vanquished Creatures (others)
  An ancestor (D:3)
  15 plants (D:2)
  4 withered plants (D:7)
20 creatures vanquished.

Grand Total: 175 creatures vanquished

Notes
Turn   | Place    | Note
-------+----------+-------------------------------------------
     0 | D:1      | pkoi the Draconian Warper began the quest for the Orb.
     0 | D:1      | Reached XP level 1. HP: 17/17 MP: 3/3
   529 | D:1      | Reached XP level 2. HP: 24/24 MP: 5/5
   532 | D:1      | Learned a level 2 spell: Blink
   722 | D:1      | Reached skill level 3 in Unarmed Combat
  1070 | D:2      | Reached XP level 3. HP: 19/29 MP: 6/6
  1420 | D:2      | Reached skill level 4 in Unarmed Combat
  1887 | D:2      | Reached XP level 4. HP: 36/36 MP: 7/7
  2023 | D:2      | Found a hazy altar of Hepliaklqana.
  2031 | D:2      | Became a worshipper of Hepliaklqana the Forgotten
  2303 | D:2      | Found a faded altar of an unknown god.
  2552 | D:3      | Reached skill level 5 in Unarmed Combat
  2979 | D:3      | Noticed Terence
  2979 | D:3      | Noticed Robin
  2995 | D:3      | Reached XP level 5. HP: 17/41 MP: 8/8
  3260 | D:3      | Found a large runed translucent door.
  3260 | D:3      | Found a large runed translucent door.
  3264 | D:3      | Noticed Fek's ghost (amateur GrBe)
  3266 | D:3      | Reached * piety under Hepliaklqana
  3475 | D:3      | Killed Robin
  3526 | D:3      | Killed Terence
  3973 | D:4      | Reached skill level 6 in Unarmed Combat
  4196 | D:4      | Noticed a necrophage
  4211 | D:4      | Killed a necrophage
  4212 | D:4      | Reached XP level 6. HP: 29/43 MP: 9/9
  4363 | D:4      | Noticed Pikel
  4650 | D:3      | Reached skill level 7 in Unarmed Combat
  5126 | D:4      | Reached ** piety under Hepliaklqana
  5127 | D:4      | Remembered your ancestor Jana as a knight
  5287 | D:4      | Killed Pikel
  5288 | D:4      | Reached skill level 9 in Unarmed Combat
  5288 | D:4      | Your scales start taking on a fiery red colour.
  5288 | D:4      | Reached XP level 7. HP: 14/49 MP: 10/10
  5288 | D:4      | Gained mutation: Your flesh is heat resistant. (rF+) [Red
                  | Draconian growth]
  5638 | D:5      | Entered Level 5 of the Dungeon
  5804 | D:5      | Noticed Menkaure
  5809 | D:5      | Killed Menkaure
  5809 | D:5      | Noticed Prince Ribbit
  5810 | D:5      | Reached XP level 8. HP: 54/54 MP: 11/11
  5837 | D:5      | Killed Prince Ribbit
  5838 | D:5      | Reached skill level 10 in Unarmed Combat
  6516 | D:6      | Noticed Maggie
  6517 | D:6      | Noticed Grinder
  6524 | D:6      | Killed Maggie
  6827 | D:6      | Killed Grinder
  6835 | D:6      | Reached XP level 9. HP: 42/60 MP: 12/12
  7018 | D:6      | Reached skill level 11 in Unarmed Combat
  7222 | D:6      | Noticed Edmund
  7380 | D:6      | Killed Edmund
  8075 | D:6      | Found a runed translucent door.
  8075 | D:6      | Noticed Argetlam's ghost (novice OpCj)
  8083 | D:7      | Found a runed translucent gate.
  8083 | D:7      | Found a runed translucent gate.
  8083 | D:7      | Found a runed translucent gate.
  8084 | D:7      | Noticed belegose's ghost (novice TrMo)
  8084 | D:7      | Noticed zeram's ghost (novice TrSu)
  8085 | D:7      | Noticed ticklebelly's ghost (novice MiBe)
  8100 | D:7      | Found a shadowy altar of Dithmenos.
  8299 | D:7      | Found a staircase to the Ecumenical Temple.
  8328 | Temple   | Entered the Ecumenical Temple
  8425 | Temple   | Learned a level 5 spell: Manifold Assault
  8502 | D:7      | Reached *** piety under Hepliaklqana
  8968 | D:7      | Reached skill level 5 in Fighting
  9837 | D:8      | Reached XP level 10. HP: 50/72 MP: 14/14
  9846 | D:8      | Reached skill level 12 in Unarmed Combat
  9846 | D:8      | Reached skill level 5 in Translocations
 10273 | D:8      | Noticed a cyclops
 10280 | D:8      | Killed a cyclops
 10537 | D:8      | Identified the ring of Sopataheo {Ice rElec rN+}
 10566 | D:8      | Slain by a wight

Illustrated notes

Levels and vault maps discovered:
D:1:      moated_graveyard_arrival, layout_basic
D:2:      layout_loops_ring, basic_altar, dilly_ecumenical_altar_fadedgnrine,
          hangedman_glass_teeth
D:3:      layout_loops_cross, ebering_ghost_disaster_area, grunt_ministairs_14,
          uniq_terence, uniq_robin
D:4:      layout_basic, uniq_pikel
D:5:      layout_basic, uniq_prince_ribbit1, uniq_menkaure
D:6:      layout_basic, ebering_ghost_reflecting_pool, uniq_edmund,
          uniq_grinder, uniq_maggie
D:7:      layout_gridville, grunt_dithmenos_smoke_and_mirrors,
          minmay_temple_entry_wispy, gammafunk_ghost_cemetery
D:8:      layout_rooms, lair_entry_dummy, minmay_misc_feat_hallway, kb_rosetta
Temple:   compressed_dpeg_circular_temple

Skill      XL: |  1  2  3  4  5  6  7  8  9 10 |
---------------+-------------------------------+-----
Unarmed Combat | 3 4 5 6 9 10 11 12 | 12.0
Dodging        | 3 4 |  4.0
Invocations    | 3 |  3.2
Fighting       | 5 6 |  6.0
Spellcasting   | 3 |  3.0
Translocations | 4 6 |  6.4
Throwing       | |  0.8

Action                   |  1- 3 |  4- 6 |  7- 9 | 10-12 || total
-------------------------+-------+-------+-------+-------++-------
Melee: Unarmed           |   101 |   182 |   145 |    33 ||   461
       Tailslap          |    10 |    20 |    22 |     1 ||    53
       Punch             |     2 |     4 |     8 |     1 ||    15
 Cast: Blink             |       |       |       |     1 ||     1
Invok: Ancestor Identity |       |     1 |       |       ||     1
       Recall Ancestor   |       |     1 |     1 |       ||     2
       Ancestor Life: Kn |       |     1 |       |       ||     1
 Abil: Breathe Fire      |       |       |    11 |     4 ||    15
  Use: Scroll            |     3 |       |       |       ||     3
       Potion            |     2 |     3 |       |       ||     5
 Stab: Distracted        |       |     1 |     3 |       ||     4
Armor: Skin              |    25 |    51 |    42 |    16 ||   134
Dodge: Dodged            |    64 |   135 |    91 |    16 ||   306
